 Dungeon Crawl Stone Soup version 0.17-a0-744-gaa96792 (webtiles) character file.

2494 ahoge the Basher (level 9, -1/52 HPs)
             Began as a Gargoyle Berserker on Apr 21, 2015.
             Was an Elder of Trog.
             Slain by a killer bee (4 damage)
             ... on level 7 of the Dungeon.
             The game lasted 00:34:28 (6006 turns).

ahoge the Basher (Gargoyle Berserker)               Turns: 6006, Time: 00:34:28

Health: -1/52      AC: 16    Str: 18 (20) XL:     9   Next: 52%
Magic:  9/9        EV: 11    Int: 11      God:    Trog [****..]
Gold:   351        SH:  0    Dex: 12      Spells: 0 memorised, 8 levels left

rFire  . . .     SeeInvis .     M - +0 dire flail
rCold  . . .     Clarity  +     m - +0 ring mail
rNeg   + + .     SustAb   .     (no shield)
rPois  ∞         Gourm    .     u - +0 helmet
rElec  +         Spirit   .     x - +0 cloak
rCorr  .         Warding  .     j - +2 pair of gloves
rMut   .         Stasis   .     (no boots)
MR     +....                    n - amulet of clarity
Stlth  +.........               o - ring of positive energy
                                k - ring of protection from magic

@: somewhat resistant to hostile enchantments, very unstealthy
A: clever 1, negative energy resistance 1, electricity resistance, unbreathing,
petrification resistance, rot immunity, AC +5
a: Burn Spellbooks, Berserk, Trog's Hand, Brothers in Arms, Renounce Religion


You were on level 7 of the Dungeon.
You worshipped Trog.
Trog was greatly pleased with you.
You were hungry.

You visited 1 branch of the dungeon, and saw 7 of its levels.

You collected 351 gold pieces.

Inventory:

Hand weapons
 a - a +1 mace
 w - a +0 mace
 K - a +2 mace of draining
 L - a +1 whip of freezing
 M - a +0 dire flail (weapon)
Armour
 b - a +0 animal skin
 e - a +0 robe
 h - a +0 plate armour
 i - a +0 pair of gloves
 j - a +2 pair of gloves (worn)
 m - a +0 ring mail (worn)
 u - a +0 helmet (worn)
 x - a +0 cloak (worn)
 y - a +0 chain mail
 z - a +0 leather armour
Jewellery
 f - a +5 ring of intelligence
 k - a ring of protection from magic (left hand)
 n - an amulet of clarity (around neck)
 o - a ring of positive energy (right hand)
 F - an uncursed ring of protection from magic
 J - an uncursed ring of positive energy
Magical devices
 q - a wand of teleportation (4)
Scrolls
 l - 5 scrolls of remove curse
 D - a scroll of teleportation
 G - a scroll of blinking
 N - a scroll of identify
Potions
 d - 2 potions of resistance
 g - 3 potions of restore abilities
 r - a potion of degeneration
 s - 2 potions of invisibility {unknown}
 v - a potion of curing {unknown}
 B - 2 potions of ambrosia {unknown}
 C - a potion of might {unknown}
 E - 2 potions of brilliance {unknown}
 O - a potion of haste {unknown}
Comestibles
 c - 8 bread rations
 p - 2 slices of pizza
 t - a royal jelly
 A - 2 chunks of flesh


   Skills:
 + Level 3.8 Fighting
 + Level 12.2 Maces & Flails
 + Level 2.9 Armour
 + Level 2.1 Dodging


You had 8 spell levels left.
You didn't know any spells.

Dungeon Overview and Level Annotations

Branches:
Dungeon (7/15)             Temple (0/1) D:6

Altars:
Elyvilon
Vehumet
Xom
The Shining One


Innate Abilities, Weirdness & Mutations

You are resistant to torment.
Your stone body is resilient (AC +5).
You are immune to poison.
You resist negative energy.
You are resistant to electric shocks.
You can survive without breathing.
You are immune to petrification.
You are immune to rotting.
Your mind is acute. (Int +2)


Message History

The killer bee stings you but does no damage.
The killer bee stings you.
* * * LOW HITPOINT WARNING * * *
The killer bee barely misses you. The killer bee stings you.
* * * LOW HITPOINT WARNING * * *
The killer bee closely misses you.
You are feeling hungry.
The killer bee stings you.
* * * LOW HITPOINT WARNING * * *
The killer bee barely misses you.
The killer bee stings you but does no damage. x2
The killer bee stings you.
* * * LOW HITPOINT WARNING * * *
Drink which item? (? for menu, Esc to quit)
It was a potion of degeneration.
There was something very wrong with that liquid.
You feel weakened.
The killer bee stings you but does no damage.
The killer bee stings you.
You die...

...................
........#.....#.##
..####.#(..###.#
.(............#
##.####.#...##..#
..............#..#
###.####.####.#..# !....#
#.# #....# ......# #@#
##...# #......# #y#
#...#######
#...##.####y######........#
#....[....yyy..# #..#####.#
#....[......##.# #..# #.#
#...........# # #..#####.#
####........+ #......#.#
#........# ##.....#.##
#........# #........#


You could see 5 killer bees.

Vanquished Creatures
  Pikel (D:6)
  Prince Ribbit (D:5)
  A spriggan (D:7)
  An orc warrior (D:6)
  An ice beast (D:5)
  A wasp (D:7)
  A sky beast (D:5)
  A phantom (D:6)
  An ogre (D:6)
  A centaur (D:5)
  Blork the orc (D:4)
  A wyvern skeleton (D:6)
  3 scorpions
  2 centaur zombies (D:7)
  A crimson imp (D:5)
  3 hounds
  Crazy Yiuf (D:2)
  3 orc wizards
  2 worker ants
  Terence (D:3)
  3 iguanas
  A hound zombie (D:5)
  A hound skeleton (D:5)
  Robin (D:2)
  4 gnolls
  7 adders
  4 shadow imps
  3 oozes
  5 worms
  An adder skeleton (D:6)
  A giant gecko (D:3)
  20 orcs
  2 bat skeletons (D:5)
  2 bat zombies (D:5)
  18 goblins
  19 hobgoblins
  3 jackals (D:4)
  A ball python (D:2)
  5 bats
  7 giant cockroaches
  5 giant newts
  12 kobolds
  13 rats
166 creatures vanquished.

Notes
Turn   | Place    | Note
--------------------------------------------------------------
     0 | D:1      | ahoge, the Gargoyle Berserker, began the quest for the Orb.
     0 | D:1      | Reached XP level 1. HP: 14/14 MP: 1/1
   294 | D:1      | Reached XP level 2. HP: 9/19 MP: 2/2
   384 | D:1      | Reached skill level 4 in Maces & Flails
   548 | D:1      | Reached XP level 3. HP: 21/23 MP: 3/3
  1082 | D:2      | Acquired Trog's second power
  1300 | D:2      | Found a radiant altar of Vehumet.
  1439 | D:2      | Reached XP level 4. HP: 13/28 MP: 4/4
  1508 | D:2      | Noticed Robin
  1521 | D:2      | Killed Robin
  1521 | D:2      | Reached skill level 5 in Maces & Flails
  2015 | D:2      | Noticed Crazy Yiuf
  2025 | D:2      | Killed Crazy Yiuf
  2025 | D:2      | Reached XP level 5. HP: 32/32 MP: 5/5
  2289 | D:3      | Found a glowing golden altar of the Shining One.
  2391 | D:3      | Reached skill level 6 in Maces & Flails
  2543 | D:3      | Noticed Terence
  2549 | D:3      | Killed Terence
  2924 | D:4      | Reached XP level 6. HP: 21/37 MP: 6/6
  2965 | D:4      | Noticed Blork the orc
  2980 | D:4      | Killed Blork the orc
  3095 | D:4      | Reached skill level 7 in Maces & Flails
  3475 | D:4      | Reached XP level 7. HP: 14/41 MP: 7/7
  3811 | D:5      | Entered Level 5 of the Dungeon
  3846 | D:5      | Acquired Trog's third power
  3852 | D:5      | Reached skill level 8 in Maces & Flails
  4274 | D:5      | Found a white marble altar of Elyvilon.
  4281 | D:5      | Reached skill level 9 in Maces & Flails
  4401 | D:5      | Noticed a deep elf mage
  4508 | D:5      | Noticed Prince Ribbit
  4531 | D:5      | Killed Prince Ribbit
  4531 | D:5      | Reached XP level 8. HP: 18/46 MP: 8/8
  4879 | D:5      | Reached skill level 10 in Maces & Flails
  4888 | D:5      | Gained mutation: Your mind is acute. (Int +2) [mutagenic meat]
  5373 | D:6      | Found a staircase to the Ecumenical Temple.
  5426 | D:6      | Noticed Pikel
  5460 | D:6      | HP: 2/69 [slave[Pikel] (7)]
  5461 | D:6      | Killed Pikel
  5461 | D:6      | Reached skill level 11 in Maces & Flails
  5461 | D:6      | Reached XP level 9. HP: 2/51 MP: 9/9
  5572 | D:6      | Reached skill level 12 in Maces & Flails
  5762 | D:6      | Found a shimmering altar of Xom.
  6005 | D:7      | HP: 2/52 [killer bee (1)]
  6006 | D:7      | Slain by a killer bee

Action                   |  1- 3 |  4- 6 |  7- 9 || total
-------------------------+-------+-------+-------++-------
Melee: Mace              |   107 |   221 |   267 ||   595
       Dire flail        |       |       |    43 ||    43
       Whip              |       |       |    42 ||    42
Invok: Trog's Hand       |       |     4 |     4 ||     8
       Berserk           |       |     4 |     4 ||     8
  Use: Scroll            |     2 |     3 |    10 ||    15
       Potion            |       |       |     1 ||     1
  Eat: Chunk             |     2 |    11 |    14 ||    27
